 Dungeon Crawl Stone Soup version 0.30-a0-1160-g6e42c06551 (webtiles) character file.

Game seed: 8349886302730697660

48 qeuew the Sneak (level 3, -1/16 HPs)
             Began as a Vine Stalker Enchanter on Apr 26, 2023.
             Slain by a worm (10 damage)
             ... on level 2 of the Dungeon.
             The game lasted 00:01:56 (1344 turns).

qeuew the Sneak (Vine Stalker Enchanter)            Turns: 1344, Time: 00:01:57

Health: -1/16      AC:  2    Str: 10    XL:     3   Next: 72%
Magic:  0/7        EV: 12    Int: 17    God:
Gold:   37         SH:  0    Dex: 14    Spells: 5/7 levels left

rFire   . . .        a - +1 dagger
rCold   . . .        (no shield)
rNeg    . . .        b - +0 robe
rPois   .            (no helmet)
rElec   .            (no cloak)
rCorr   .            (no gloves)
SInv    .            (no boots)
Will    .....        (no amulet)
Stlth   +++          (no ring)
HPRegen 0.22/turn    (no ring)
MPRegen 0.10/turn

%: guardian spirit
@: no status effects
A: fangs 2, magic shield, antimagic bite, no potion heal 2
a: no special abilities


You were on level 2 of the Dungeon.
You visited 1 branch of the dungeon, and saw 2 of its levels.

You collected 37 gold pieces.

Inventory:

Hand Weapons
 a - a +1 dagger (weapon)
Armour
 b - a +0 robe (worn)
Scrolls
 g - a scroll of magic mapping
 h - a scroll of acquirement {unknown}
 j - 3 scrolls of brand weapon {unknown}
Potions
 c - 3 potions of invisibility
 d - a potion of mutation {unknown}
 e - a potion of haste
 f - a potion of magic {unknown}
 i - 2 potions of curing {unknown}


   Skills:
 * Level 1.6 Short Blades
 + Level 1.8 Dodging
 * Level 4.2 Stealth
 + Level 2.5 Spellcasting
 * Level 3.5 Hexes


You had 5 spell levels left.
You knew the following spells:

 Your Spells              Type           Power      Damage    Failure   Level
a - Ensorcelled Hibernat  Hex/Ice        16%        N/A       14%         2

Your spell library contained the following spells:

 Spells                   Type           Power      Damage    Failure   Level
 Confusing Touch          Hex            14%        N/A       13%         3
 Tukima's Dance           Hex            14%        N/A       13%         3
 Dazzling Flash           Conj/Hex       16%        N/A       26%         3


Dungeon Overview and Level Annotations

Branches:
Dungeon (2/15)

Altars:


Innate Abilities, Weirdness & Mutations

You have extremely sharp teeth.
When hurt, damage is shared between your health and your magic reserves.
Your bite disrupts and absorbs the magic of your enemies.
Potions cannot restore your health.


Message History

Your magical contamination has completely faded away.
You feel sick.
You are no longer poisoned.
j - 3 scrolls labelled MEG YLINOUHUD A worm comes into view.
A worm is nearby!
A worm is nearby!
A worm is nearby!
The worm bites you!
You hit the worm but do no damage. You hit the worm but do no damage.
The worm barely misses you.
You barely miss the worm. You bite the worm. You drain its power.
You feel invigorated.
The worm is moderately wounded.
You hit the worm. You bite the worm. You drain its power.
The worm is heavily wounded.
The worm bites you!
You are too injured to fight recklessly!
You are too injured to fight recklessly!
You are too injured to fight recklessly!
Aiming: Ensorcelled Hibernation (safe; 14% risk of failure)
Press: ? - help, Q - select action Shift-Dir - straight line, f - worm
Aim: a worm (heavily wounded, chance to affect: 50%)
The worm resists with some effort.
Unknown command.
Aiming: Ensorcelled Hibernation (safe; 14% risk of failure)
Press: ? - help, Q - select action Shift-Dir - straight line, f/p - worm
Aim: a worm (heavily wounded, chance to affect: 50%)
The worm resists with some effort.
The worm barely misses you.
Aiming: Ensorcelled Hibernation (safe; 14% risk of failure)
Press: ? - help, Q - select action Shift-Dir - straight line, f/p - worm
Aim: a worm (lightly wounded, chance to affect: 50%)
The worm looks drowsy...
The helpless worm fails to defend itself.
You puncture the worm!
The worm is almost dead.
The worm bites you!
Ouch! That really hurt!
You die...

#.# #.##.# #.#
#.#... #.# #...#.
#.# ###... #.#
##.# #.# #.# #.#
#.# #w# #.. #@#
### #.# #.# #.#
#.################
#.................
#################.
##


You could see a worm.

Vanquished Creatures
  An adder (D:2)
  A worm (D:2)
  A dart slug (D:2)
  4 ball pythons
  An endoplasm (D:1)
  A giant cockroach (D:1)
  4 goblins
  4 hobgoblins
  4 kobolds
  2 quokkas (D:2)
  3 bats (D:1)
  3 frilled lizards
  4 rats
33 creatures vanquished.

Notes
Turn   | Place    | Note
-------+----------+-------------------------------------------
     0 | D:1      | qeuew the Vine Stalker Enchanter began the quest for the
                  | Orb.
     0 | D:1      | Reached XP level 1. HP: 9/9 MP: 4/4
    54 | D:1      | Reached skill level 1 in Short Blades
    86 | D:1      | Reached XP level 2. HP: 12/13 MP: 4/6
   156 | D:1      | Learned a level 2 spell: Ensorcelled Hibernation
   651 | D:1      | Found a faded altar of an unknown god.
   692 | D:2      | Reached XP level 3. HP: 16/16 MP: 7/7
   701 | D:2      | Reached skill level 4 in Stealth
  1344 | D:2      | Slain by a worm

Illustrated notes

Levels and vault maps discovered:
D:1:      psy_arrival_terrarium, layout_basic,
          hellmonk_ecumenical_altar_heavens_door, minmay_misc_feat_enclosed
D:2:      layout_loops_ring, item_on_display_a

Skill      XL: |  1  2  3 |
---------------+----------+-----
Short Blades   | 1 |  1.6
Stealth        | 4 |  4.2
Dodging        | |  1.8
Spellcasting   | |  2.5
Hexes          | |  3.5

Action                     || total
---------------------------++-------
  Melee: Dagger            ||    77
         Bite              ||    17
         Punch             ||     1
   Cast: Ensorcelled Hiber ||     8
    Use: Scroll            ||     3
   Stab: Sleeping          ||    10
 Armour: Robe              ||     6
  Dodge: Dodged            ||    41

Table legend: (Time is in decaauts)
 A = Elapsed time spent in this place.
 B = Non-inter-level travel time spent in this place.
 C = Inter-level travel time spent in this place.
 D = Time resting spent in this place.
 E = Time spent auto-exploring this place.
 F = Levels seen in this place.
 G = Mean time per level.
                   A        B        C        D        E       F      G
               +--------+--------+--------+--------+--------+-----+--------+
         Total |   1338 |   1326 |     12 |      0 |   1062 |   2 |  669.0 |
       Dungeon |   1338 |   1326 |     12 |      0 |   1062 |   2 |  669.0 |
               +--------+--------+--------+--------+--------+-----+--------+

Top non-repeatable levels by time:
     D:1: 684 daAuts
     D:2: 654 daAuts
